 Dungeon Crawl Stone Soup version 0.22.1-2-g9c5b331383 (webtiles) character file.

413 Jynx the Cudgeler (level 6, 0/39 HPs)
             Began as a Gargoyle Fighter on Jan 4, 2019.
             Slain by an ogre
             ... wielding a +0 giant spiked club
              (11 damage)
             ... on level 4 of the Dungeon.
             The game lasted 00:05:57 (3161 turns).

Jynx the Cudgeler (Gargoyle Fighter)                Turns: 3161, Time: 00:05:58

Health: 0/39       AC: 14    Str: 19    XL:     6   Next: 91%
Magic:  6/6        EV:  7    Int:  9    God:
Gold:   284        SH:  9    Dex: 11    Spells: 5/5 levels left

rFire    . . .     SeeInvis .   a - +0 flail
rCold    . . .     Gourm    .   c - +0 shield
rNeg     + . .     Faith    .   b - +0 scale mail
rPois    ∞         Spirit   .   (no helmet)
rElec    +         Reflect  .   d - +0 cloak
rCorr    .         Harm     .   (no gloves)
MR       .....                  h - +0 pair of boots
Stlth    +.........             (no amulet)
HPRegen  0.13/turn              q - ring of stealth
MPRegen  0.10/turn              (no ring)

@: no status effects
A: negative energy resistance 1, electricity resistance, unbreathing,
petrification resistance, rot immunity, AC +4
a: no special abilities


You were on level 4 of the Dungeon.
You were not hungry.

You visited 1 branch of the dungeon, and saw 4 of its levels.

You collected 284 gold pieces.

Inventory:

Hand Weapons
 a - a +0 flail (weapon)
Armour
 b - a +0 scale mail (worn)
 c - a +0 shield (worn)
 d - a +0 cloak (worn)
 h - a +0 pair of boots (worn)
Jewellery
 q - a ring of stealth (left hand)
Scrolls
 g - 2 scrolls of identify
 j - 2 scrolls of enchant weapon {unknown}
Potions
 e - a potion of invisibility
 i - 2 potions of resistance
 k - a potion of magic
 l - a potion of curing {unknown}
 m - a potion of mutation {unknown}
 o - a potion of agility {unknown}
 p - a potion of lignification {unknown}
Comestibles
 f - 4 rations


   Skills:
 + Level 4.6 Fighting
 * Level 4.7 Maces & Flails
 + Level 4.6 Armour
 + Level 4.6 Shields


You had 5 spell levels left.
You didn't know any spells.
Your spell library was empty.

Dungeon Overview and Level Annotations

Branches:
Dungeon (4/15)
 Temple: D:4-7

Altars:
Zin

Annotations:
D:4 Pikel


Innate Abilities, Weirdness & Mutations

You are resistant to torment.
Your stone body is resilient. (AC +4)
You are immune to poison.
You resist negative energy. (rN+)
You are resistant to electric shocks. (rElec)
You can survive without breathing.
You are immune to petrification.
You are immune to rotting.


Message History

You barely miss the ogre.
The ogre is moderately wounded.
The ogre hits you with a giant spiked club!
You sock the ogre!
The ogre is heavily wounded.
The ogre hits you with a giant spiked club!
* * * LOW HITPOINT WARNING * * *
There is an open door here.
Found a stone staircase leading up.
Found 9 gold pieces.
Found a scroll labeled LEEMUWNEHEI.
There is an open door here.
An adder comes into view.
The adder hisses angrily.
The adder closely misses you. You block the adder's attack.
There is a stone staircase leading up here.
The adder bites you but does no damage. You block the adder's attack.
The ogre hits you with a giant spiked club!
You die...

######## '.....# .
#.....# . ..... ###'
#...# ####
#...##...##...#
#......@.$.....#
#..?..OS.......
#..............
#......p.###'## ###
#....##...##...##...
###..####'##...#...
#........p....'...
#.......<.p...#.
#.............#


You could see an ogre, 2 slaves and an adder.

Vanquished Creatures
  2 slaves (D:4)
  2 ogres (D:4)
  An iguana (D:4)
  2 worker ants (D:4)
  4 adders
  4 gnolls (D:2)
  A worm (D:3)
  4 dart slugs
  4 leopard geckos
  3 orcs (D:3)
  7 bats
  2 giant cockroaches (D:1)
  3 hobgoblins
  11 jackals
  9 kobolds
  5 quokkas
  2 ball pythons
  2 frilled lizards
  5 goblins
  22 rats
95 creatures vanquished.

Notes
Turn   | Place    | Note
-------+----------+-------------------------------------------
     0 | D:1      | Jynx the Gargoyle Fighter began the quest for the Orb.
     0 | D:1      | Reached XP level 1. HP: 14/14 MP: 1/1
    34 | D:1      | Reached XP level 2. HP: 15/19 MP: 2/2
   274 | D:1      | Reached XP level 3. HP: 19/23 MP: 3/3
   732 | D:2      | Reached XP level 4. HP: 29/29 MP: 4/4
  1283 | D:3      | Found a glowing silver altar of Zin.
  1376 | D:3      | Reached XP level 5. HP: 31/33 MP: 5/5
  2138 | D:4      | Noticed an ogre
  2470 | D:4      | Noticed an ogre
  2479 | D:4      | Killed an ogre
  2479 | D:4      | Reached XP level 6. HP: 6/39 MP: 6/6
  3059 | D:4      | Noticed a slave
  3059 | D:4      | Noticed a slave
  3059 | D:4      | Noticed a slave
  3060 | D:4      | Noticed a slave
  3060 | D:4      | Noticed Pikel
  3101 | D:4      | Killed a slave
  3109 | D:4      | Killed a slave
  3161 | D:4      | Slain by an ogre

Skill      XL: |  1  2  3  4  5 |
---------------+----------------+-----
Maces & Flails | 3 4 |  4.7
Fighting       | 4 |  4.6
Armour         | 4 |  4.6
Shields        | 4 |  4.6

Action                   |  1- 3 |  4- 6 || total
-------------------------+-------+-------++-------
Melee: Flail             |   138 |   235 ||   373
  Use: Scroll            |     2 |     3 ||     5
       Potion            |       |     1 ||     1
  Eat: Chunk             |       |     5 ||     5
       Ration            |       |     1 ||     1
Armor: Scale mail        |    80 |   155 ||   235
Dodge: Dodged            |    49 |    86 ||   135
Block: Shield            |    73 |   154 ||   227
